[Event "WYCC U14 Girls 2019"]
[Site "Mumbai"]
[Date "2019.10.10"]
[Round "9.11"]
[White "Ince, Safiye Oyku"]
[Black "Kurmangaliyeva, Liya"]
[Result "1/2-1/2"]
[ECO "B31"]
[WhiteElo "1840"]
[BlackElo "1936"]
[Annotator "NA"]
[PlyCount "84"]
[EventDate "2019.10.02"]
[EventType "swiss"]
[EventCountry "IND"]
[SourceTitle "playchess.com"]
[Source "ChessBase"]
[SourceQuality "1"]
[TimeControl "40/5400+30:1800+30"]

1. e4 c5 2. Nf3 Nc6 3. Bb5 g6 4. O-O Bg7 5. c3 Nf6 6. Re1 O-O 7. d4 d5 8. e5 Ne4 9. Bxc6 bxc6 10. Nbd2 cxd4 11. cxd4 c5 12. dxc5 Nxc5 13. Nb3 Nxb3 14. Qxb3 Be6 15. Bg5 Rb8 16. Qa3 Rb7 17. Rac1 h6 18. Bd2 d4 19. Re4 Qb6 20. Rxd4 Qxb2 21. Qxb2 Rxb2 22. a4 Rfb8 23. h3 R8b7 24. Rd8+ Kh7 25. a5 Ra2 26. Rc5 Bf5 27. Nh4 Be6 28. Nf3 g5 29. Be3 Rb1+ 30. Kh2 Rba1 31. Bd2 Rd1 32. Kg3 Ra3 33. Rd4 Kg6 34. Be3 Rda1 35. Bd2 Rd1 36. Be3 Rda1 37. Bd2 f6 38. exf6 Bxf6 39. Re4 Bf5 40. Re3 Rxe3 41. Bxe3 a6 42. Ne5+ Bxe5+ 1/2-1/2

[Event "WYCC U14 Girls 2019"]
[Site "Mumbai"]
[Date "2019.10.10"]
[Round "9.12"]
[White "Swara Lakshmi S Nair"]
[Black "Lhotska, Anna"]
[Result "1-0"]
[ECO "B90"]
[WhiteElo "1536"]
[BlackElo "1897"]
[Annotator "NA"]
[PlyCount "55"]
[EventDate "2019.10.02"]
[EventType "swiss"]
[EventCountry "IND"]
[SourceTitle "playchess.com"]
[Source "ChessBase"]
[SourceQuality "1"]
[TimeControl "40/5400+30:1800+30"]

1. e4 c5 2. Nf3 d6 3. d4 cxd4 4. Nxd4 Nf6 5. Nc3 a6 6. Bc4 e6 7. O-O b5 8. Bb3 Be7 9. f4 O-O 10. f5 b4 11. Na4 e5 12. Ne2 Bb7 13. Ng3 Nbd7 14. Qe1 a5 15. Bg5 h6 16. Bxf6 Nxf6 17. c3 Bc6 18. Rd1 Qd7 19. Ra1 Qd8 20. Rd1 Qd7 21. cxb4 Bxa4 22. bxa5 Bxb3 23. axb3 Qb5 24. b4 Rfb8 25. Rc1 Qxb4 26. Rc8+ {[%emt 0:00:00] Qb5 Rc1 Qb4} Rxc8 {[%emt 0:11:08] Kh7 Rc1 Kg8 Rc8+ Kh7} 27. Qxb4 {[%emt 0:00:14] Rxb4 Rxa8} d5 28. Rc1 1-0

[Event "WYCC U14 Girls 2019"]
[Site "Mumbai"]
[Date "2019.10.11"]
[Round "10.1"]
[White "Roebers, Eline"]
[Black "Mungunzul, Bat-Erdene"]
[Result "0-1"]
[ECO "C45"]
[WhiteElo "2083"]
[BlackElo "1912"]
[Annotator "NA"]
[PlyCount "138"]
[EventDate "2019.10.02"]
[EventType "swiss"]
[EventCountry "IND"]
[SourceTitle "playchess.com"]
[Source "ChessBase"]
[SourceQuality "1"]
[TimeControl "40/5400+30:1800+30"]

1. e4 e5 2. Nf3 Nc6 3. d4 exd4 4. Nxd4 Bc5 5. Nb3 Bb6 6. Nc3 d6 7. Qe2 Nge7 {[%emt 0:06:47] C45: Scotch Game} 8. Be3 Be6 (8... O-O 9. O-O-O f5 10. f4 fxe4 11. g3 Bxe3+ 12. Qxe3 Nf5 13. Bc4+ Kh8 14. Qe2 e3 15. Rhf1 {1-0 (39) Navara,D (2739)-Laznicka,V (2670) Prague 2019}) 9. O-O-O Ng6 10. h3 $146 ({Predecessor:} 10. f4 Bxb3 11. cxb3 Bxe3+ 12. Qxe3 Qh4 13. g3 Qh5 14. Nb5 O-O 15. Rd5 {1-0 (29) Leao,T (1995)-Friedrich,C (1656) Caioba 2017}) 10... Qe7 11. g3 Nge5 12. f4 Nc4 13. Bxb6 Nxb6 14. Nd4 Nc4 15. Nb3 Nb6 16. Nd4 Nxd4 17. Rxd4 f6 18. Bg2 O-O-O 19. Rhd1 Rhe8 20. Qf3 c6 $14 21. a4 Kb8 22. Qd3 Nc8 23. a5 c5 24. Ra4 a6 25. b4 Na7 26. Nd5 Bxd5 27. Qxd5 Nc6 28. c3 cxb4 29. cxb4 Qc7 30. Kb2 Ne7 31. Qd3 Qd7 32. Raa1 Nc8 33. Rac1 Re7 34. Rc4 Na7 35. Kb3 Nb5 36. Rc2 Rc8 37. Rdc1 Qe6+ 38. Kb2 Rd8 39. Qc4 Qd7 40. Qd5 Qe6 41. Qxe6 Rxe6 42. Rc4 g6 43. Rd1 Rde8 44. g4 g5 45. fxg5 fxg5 46. Rc2 Rf6 47. Rd5 Re5 48. Rdd2 Re8 49. Rd5 Ref8 50. Rf5 Nd4 51. Rxf6 Rxf6 52. Rd2 Nc6 53. Kc3 Kc7 54. Rd1 Rf2 55. Bf1 Ne5 56. Kd4 Rb2 57. Kc3 Rh2 58. Kd4 Nc6+ 59. Kc3 Rh1 60. Re1 Ne5 61. Rd1 Nf3 62. Kc2 Ne5 63. Kc3 Ng6 64. Kd2 Nf4 65. Ke3 Nxh3 66. Rc1+ Kb8 67. Kd4 Nf2 68. Ke3 Nxg4+ 69. Ke2 Nh2 0-1

[Event "WYCC U14 Girls 2019"]
[Site "Mumbai"]
[Date "2019.10.11"]
[Round "10.2"]
[White "Nasyrova, Ekaterina"]
[Black "Allahverdiyeva, Ayan"]
[Result "1-0"]
[ECO "A06"]
[WhiteElo "2137"]
[BlackElo "2160"]
[Annotator "NA"]
[PlyCount "89"]
[EventDate "2019.10.02"]
[EventType "swiss"]
[EventCountry "IND"]
[SourceTitle "playchess.com"]
[Source "ChessBase"]
[SourceQuality "1"]
[TimeControl "40/5400+30:1800+30"]

1. Nf3 d5 2. e3 Nf6 3. c4 c6 4. Nc3 a6 5. d4 b5 6. cxd5 cxd5 7. Bd3 Bg4 8. O-O Nc6 9. h3 Bh5 10. Bd2 Rc8 11. Rc1 e5 12. Bf5 e4 13. g4 exf3 14. Qxf3 Bg6 15. Bxc8 Qxc8 16. Nxd5 Ne4 17. Bb4 Nf6 18. Bd2 Ne4 19. Bb4 Ng5 20. Qg3 Be4 21. Rxc6 Qxc6 22. Qb8+ Kd7 23. Nb6+ Qxb6 24. Qxb6 Nf3+ 25. Kg2 Bxb4 26. Qa7+ Ke6 27. Qxa6+ Bd6 28. Rd1 h5 29. d5+ Ke5 30. g5 h4 31. Kf1 Nh2+ 32. Ke2 Bf3+ 33. Kd2 Rb8 34. Rc1 Bxd5 35. f4+ Ke6 36. Kd3 Nf1 37. e4 Bb7 38. Qa5 Ra8 39. Qc3 Ng3 40. f5+ Kd7 41. e5 Bb8 42. e6+ Ke8 43. exf7+ Kxf7 44. g6+ Ke7 45. Qxg7+ 1-0

[Event "WYCC U14 Girls 2019"]
[Site "Mumbai"]
[Date "2019.10.11"]
[Round "10.3"]
[White "Rakshitta Ravi"]
[Black "Divya Deshmukh"]
[Result "1/2-1/2"]
[ECO "B50"]
[WhiteElo "2310"]
[BlackElo "2358"]
[Annotator "NA"]
[PlyCount "67"]
[EventDate "2019.10.02"]
[EventType "swiss"]
[EventCountry "IND"]
[SourceTitle "playchess.com"]
[Source "ChessBase"]
[SourceQuality "1"]
[TimeControl "40/5400+30:1800+30"]

1. e4 c5 2. Nf3 d6 3. Nc3 Nf6 4. e5 dxe5 5. Nxe5 e6 6. Bb5+ Nbd7 7. d4 a6 8. Bxd7+ Nxd7 9. Qh5 Nxe5 10. dxe5 b5 11. Bg5 Be7 12. Rd1 Qc7 13. Bxe7 Qxe7 14. Ne4 Bb7 15. Nd6+ Kf8 16. O-O h6 17. Qxf7+ Qxf7 18. Nxf7 Kxf7 19. Rd7+ Kg6 20. Rxb7 Rhd8 21. f4 Rd2 22. g4 Rf8 23. Re7 Rxc2 24. Rxe6+ Kh7 25. f5 Rxb2 26. Rxa6 c4 27. Ra7 Rc8 28. f6 c3 29. Rxg7+ Kh8 30. e6 c2 31. Rc7 Rxc7 32. f7 c1=Q 33. f8=Q+ Kh7 34. Qf5+ 1/2-1/2

[Event "WYCC U14 Girls 2019"]
[Site "Mumbai"]
[Date "2019.10.11"]
[Round "10.4"]
[White "Wikar, Martyna"]
[Black "Kamalidenova, Meruert"]
[Result "0-1"]
[ECO "A45"]
[WhiteElo "1969"]
[BlackElo "2025"]
[Annotator "NA"]
[PlyCount "108"]
[EventDate "2019.10.02"]
[EventType "swiss"]
[EventCountry "IND"]
[SourceTitle "playchess.com"]
[Source "ChessBase"]
[SourceQuality "1"]
[TimeControl "40/5400+30:1800+30"]

1. d4 Nf6 2. Nc3 d5 3. Bf4 e6 4. Nb5 Na6 5. e3 Be7 6. Nf3 O-O 7. Bd3 c6 8. Nc3 Nb4 9. h3 c5 10. O-O b6 11. Ne5 Bb7 12. a3 Nxd3 13. Qxd3 a5 14. Nb5 a4 15. b3 Ne4 16. Nc3 Nf6 17. Nb5 Ne4 18. Nf3 Ba6 19. c4 Bxb5 20. cxb5 axb3 21. Qxb3 c4 22. Qb2 Ra4 23. Qc3 Ra8 24. Qb2 Ra4 25. Ne5 Ra8 26. Nf3 Ra4 27. Ne5 Nf6 28. f3 Qa8 29. Nc6 Qb7 30. Ra2 Qb8 31. Raa1 Qb7 32. Ra2 Rfa8 33. Rfa1 Bf8 34. Qc3 Qd7 35. Be5 Ne8 36. e4 f6 37. Bf4 Nd6 38. Bxd6 Qxd6 39. exd5 exd5 40. Qe3 Qd7 41. Kh1 Bd6 42. f4 Re8 43. Qf3 Qe6 44. Qd1 Raa8 45. a4 Bxf4 46. Rf2 Bc7 47. Qf3 Qd6 48. g4 h6 49. h4 Re4 50. h5 Rae8 51. Rg1 Re3 52. Qg2 Kh8 53. Ra2 Qf4 54. Rc2 Qg5 0-1

[Event "WYCC U14 Girls 2019"]
[Site "Mumbai"]
[Date "2019.10.11"]
[Round "10.5"]
[White "Bhagyashree Patil"]
[Black "Dhyana Patel"]
[Result "1-0"]
[ECO "B35"]
[WhiteElo "1802"]
[BlackElo "1995"]
[Annotator "NA"]
[PlyCount "51"]
[EventDate "2019.10.02"]
[EventType "swiss"]
[EventCountry "IND"]
[SourceTitle "playchess.com"]
[Source "ChessBase"]
[SourceQuality "1"]
[TimeControl "40/5400+30:1800+30"]

1. e4 c5 2. Nf3 Nc6 3. d4 cxd4 4. Nxd4 g6 5. Nc3 Bg7 6. Be3 Nf6 7. Bc4 O-O 8. Bb3 a6 9. O-O Qc7 10. f4 e5 11. Nxc6 dxc6 12. fxe5 Ng4 13. Bc5 Rd8 14. Be3 Rf8 15. Bc5 Rd8 16. Rxf7 Rxd1+ 17. Rxd1 Qxf7 18. Rd8+ Bf8 19. Rxf8+ Kg7 20. Rxf7+ Kh6 21. e6 b5 22. h3 Ne5 23. Be3+ g5 24. Rf5 Nc4 25. Bxc4 bxc4 26. Rxg5 1-0

[Event "WYCC U14 Girls 2019"]
[Site "Mumbai"]
[Date "2019.10.11"]
[Round "10.6"]
[White "Velpula Sarayu"]
[Black "Hakobyan, Astghik"]
[Result "1-0"]
[ECO "C00"]
[WhiteElo "1717"]
[BlackElo "1978"]
[Annotator "NA"]
[PlyCount "118"]
[EventDate "2019.10.02"]
[EventType "swiss"]
[EventCountry "IND"]
[SourceTitle "playchess.com"]
[Source "ChessBase"]
[SourceQuality "1"]
[TimeControl "40/5400+30:1800+30"]

1. e4 e6 2. d4 d5 3. Bd3 dxe4 4. Bxe4 Nf6 5. Bf3 c5 6. Ne2 Nbd7 7. O-O Bd6 8. Nbc3 O-O 9. dxc5 Bxc5 10. Bf4 Re8 11. Ng3 e5 12. Bd2 Qc7 13. Qe2 Bd4 14. Rad1 Nb6 15. Bg5 Bxc3 16. bxc3 Nfd7 17. Ne4 f6 18. Nd6 Rf8 19. Nb5 Qb8 20. Bc1 a6 21. Nd6 Qc7 22. Ba3 Rd8 23. Be4 Nf8 24. f4 exf4 25. Rxf4 Qxc3 26. Rf3 Qe5 27. Re3 Qg5 28. Rg3 Qe5 29. Re3 Qg5 30. Rg3 Qe5 31. c4 Be6 32. Re3 Qg5 33. Rg3 Qe5 34. Re3 Qg5 35. Rg3 Qe5 36. Re3 Qf4 37. Rf1 Qh4 38. Bxb7 Bxc4 39. Nxc4 Qxc4 40. Bxa8 Rxa8 41. Qxc4+ Nxc4 42. Rc3 Ne5 43. Bxf8 Kxf8 44. Rb1 Rd8 45. Rc7 h5 46. Ra7 g5 47. Rxa6 Kg7 48. Rf1 Rf8 49. a4 g4 50. a5 h4 51. Rb6 h3 52. gxh3 gxh3 53. a6 Ra8 54. Rfxf6 Rc8 55. Rf1 Rc2 56. Rb3 Ra2 57. Rg3+ Ng6 58. Rxh3 Rxa6 59. Rg3 Kh6 1-0

[Event "WYCC U14 Girls 2019"]
[Site "Mumbai"]
[Date "2019.10.11"]
[Round "10.7"]
[White "Omonova, Umida"]
[Black "Zavivaeva, Emilia"]
[Result "1-0"]
[ECO "B33"]
[WhiteElo "2078"]
[BlackElo "1745"]
[Annotator "NA"]
[PlyCount "81"]
[EventDate "2019.10.02"]
[EventType "swiss"]
[EventCountry "IND"]
[SourceTitle "playchess.com"]
[Source "ChessBase"]
[SourceQuality "1"]
[TimeControl "40/5400+30:1800+30"]

1. e4 c5 2. Nf3 Nc6 3. d4 cxd4 4. Nxd4 Nf6 5. Nc3 e5 6. Ndb5 d6 7. Bg5 a6 8. Na3 b5 9. Nd5 Be7 10. Bxf6 Bxf6 11. c4 b4 12. Nc2 O-O 13. g3 a5 14. Bg2 Be6 15. O-O Bxd5 16. Qxd5 Qb6 17. Rad1 Rab8 18. b3 Nd4 19. Nxd4 exd4 20. Qh5 a4 21. f4 Rfe8 22. g4 d3+ 23. Kh1 Qe3 24. Qd5 Qe2 25. g5 Bc3 26. Qxd3 Qxa2 27. bxa4 Rbc8 28. Qxd6 Qxc4 29. e5 g6 30. Bd5 Qe2 31. Qd7 Rf8 32. e6 Rcd8 33. exf7+ Kg7 34. Qb5 Qxb5 35. axb5 Rd6 36. Bc4 Rfd8 37. Rxd6 Rxd6 38. f5 gxf5 39. Rxf5 Kf8 40. Rc5 Rd8 41. b6 1-0

[Event "WYCC U14 Girls 2019"]
[Site "Mumbai"]
[Date "2019.10.11"]
[Round "10.8"]
[White "Poliakova, Varvara"]
[Black "De Rycke, Tyani"]
[Result "1-0"]
[ECO "B40"]
[WhiteElo "2042"]
[BlackElo "1891"]
[Annotator "NA"]
[PlyCount "157"]
[EventDate "2019.10.02"]
[EventType "swiss"]
[EventCountry "IND"]
[SourceTitle "playchess.com"]
[Source "ChessBase"]
[SourceQuality "1"]
[TimeControl "40/5400+30:1800+30"]

1. e4 c5 2. Nf3 e6 3. d4 cxd4 4. Nxd4 Nf6 5. Nc3 Nc6 6. Ndb5 Bb4 7. a3 Bxc3+ 8. Nxc3 d5 9. exd5 exd5 10. Bd3 O-O 11. O-O d4 12. Ne2 Bg4 13. Bg5 Qd6 14. h3 Bh5 15. Bf4 Qd7 16. Qd2 Rfe8 17. Ng3 Bg6 18. Rad1 Rad8 19. Bg5 Bxd3 20. Qxd3 Re6 21. Nf5 h6 22. Bc1 Re4 23. Ng3 Re6 24. b4 Ne5 25. Qb3 Qd5 26. Qxd5 Rxd5 27. Bb2 Red6 28. Ne2 Nc4 29. Bxd4 Nxa3 30. c3 Nb5 31. Ra1 Nxd4 32. Nxd4 a6 33. Rfe1 Rd7 34. Nb3 Rc7 35. Nc5 Rd2 36. Rad1 Rc2 37. Rd8+ Kh7 38. Re3 a5 39. Rd6 axb4 40. cxb4 b6 41. Ne4 Nxe4 42. Rxe4 R7c6 43. Red4 b5 44. Rxc6 Rxc6 45. Rd5 Rb6 46. Kf1 Kg6 47. Ke2 Kf6 48. Ke3 Ke6 49. Ke4 g6 50. g4 g5 51. f4 gxf4 52. Rh5 Kd7 53. Rf5 Re6+ 54. Kxf4 Kc6 55. Rxf7 Kd5 56. Kf5 Rc6 57. Rf6 Rc3 58. Rxh6 Rf3+ 59. Kg5 Kc4 60. h4 Kxb4 61. Rb6 Rf8 62. h5 Kc5 63. Rb7 Rg8+ 64. Kh4 Kc6 65. Re7 b4 66. h6 b3 67. g5 Kd6 68. Re1 Rb8 69. Kh5 b2 70. Rb1 Ke6 71. Re1+ Kd6 72. Rb1 Ke6 73. Re1+ Kf7 74. g6+ Kg8 75. h7+ Kg7 76. Re7+ Kf6 77. Rb7 Rc8 78. Rxb2 Rc5+ 79. Kh6 1-0

[Event "WYCC U14 Girls 2019"]
[Site "Mumbai"]
[Date "2019.10.11"]
[Round "10.9"]
[White "Obada, Ema"]
[Black "Cai, Boheng"]
[Result "1-0"]
[ECO "B10"]
[WhiteElo "1987"]
[BlackElo "1853"]
[Annotator "NA"]
[PlyCount "65"]
[EventDate "2019.10.02"]
[EventType "swiss"]
[EventCountry "IND"]
[SourceTitle "playchess.com"]
[Source "ChessBase"]
[SourceQuality "1"]
[TimeControl "40/5400+30:1800+30"]

1. e4 c6 2. d3 d5 3. Nd2 e6 4. Ngf3 Be7 5. d4 dxe4 6. Nxe4 Nf6 7. Nxf6+ Bxf6 8. Be2 Nd7 9. O-O O-O 10. Bf4 b6 11. Bd3 Bb7 12. Be4 Re8 13. Re1 g6 14. Ne5 Nxe5 15. dxe5 Be7 16. Qg4 Qc7 17. h4 c5 18. h5 Bxe4 19. Rxe4 Bf8 20. Bg5 Bg7 21. Rae1 Rac8 22. Bf6 Bf8 23. R1e3 Qb7 24. Qh3 Bg7 25. Rh4 Bxf6 26. exf6 e5 27. Rg3 Rc7 28. Qf5 Qc8 29. Qe4 Qb7 30. hxg6 fxg6 31. Rxg6+ Kf8 32. Qc4 Rf7 33. Qg4 1-0

[Event "WYCC U14 Girls 2019"]
[Site "Mumbai"]
[Date "2019.10.11"]
[Round "10.10"]
[White "Kurmangaliyeva, Liya"]
[Black "Renganayaki V"]
[Result "1-0"]
[ECO "B38"]
[WhiteElo "1936"]
[BlackElo "1641"]
[Annotator "NA"]
[PlyCount "111"]
[EventDate "2019.10.02"]
[EventType "swiss"]
[EventCountry "IND"]
[SourceTitle "playchess.com"]
[Source "ChessBase"]
[SourceQuality "1"]
[TimeControl "40/5400+30:1800+30"]

1. e4 c5 2. Nf3 g6 3. d4 cxd4 4. Nxd4 Bg7 5. c4 Nc6 6. Be3 Nf6 7. Nc3 d6 8. Be2 O-O 9. O-O Bd7 10. Qd2 Nxd4 11. Bxd4 Bc6 12. f3 a5 13. Rab1 Nd7 14. Be3 Nc5 15. b3 e6 16. Rfc1 Be5 17. Bf1 Qe7 18. Ne2 Rfd8 19. Nd4 h5 20. Qf2 Kh7 21. Rd1 g5 22. Qe2 Bh8 23. a3 Be8 24. b4 axb4 25. axb4 Na4 26. Rb3 Nb6 27. Nxe6 Qxe6 28. Bxb6 Rdc8 29. Rbb1 d5 30. Be3 dxc4 31. Bxg5 c3 32. Rbc1 Ba4 33. Rd5 Be8 34. Be3 f5 35. Rxf5 Bg6 36. Rd5 Rd8 37. Rxd8 Rxd8 38. Qb5 Qd7 39. Qxd7+ Rxd7 40. Bc4 Bg7 41. Bd5 Rc7 42. Bb3 Bf8 43. b5 Ba3 44. Rc2 Bb4 45. Bd4 Be8 46. b6 Rc8 47. Kf2 Bb5 48. Ke3 Ra8 49. Bxc3 Ra3 50. Bxb4 Rxb3+ 51. Bc3 Ra3 {[%emt 0:00:49] Bb4 Rb3+ Bc3 Ba4} 52. Kf4 {[%emt 0:03:24] Rxb6 Bd4 Bxc2 Bxb6} Bd3 53. Kg5 Bf1 54. g3 Bg2 55. f4 Bxe4 56. Kxh5 {[%emt 0:00:00] Kg7 Kg5 Kf7 g4} 1-0

[Event "WYCC U14 Girls 2019"]
[Site "Mumbai"]
[Date "2019.10.11"]
[Round "10.11"]
[White "Ruseva, Eva"]
[Black "Ishvi Aggarwal"]
[Result "0-1"]
[ECO "D35"]
[WhiteElo "1813"]
[BlackElo "1935"]
[Annotator "NA"]
[PlyCount "123"]
[EventDate "2019.10.02"]
[EventType "swiss"]
[EventCountry "IND"]
[SourceTitle "playchess.com"]
[Source "ChessBase"]
[SourceQuality "1"]
[TimeControl "40/5400+30:1800+30"]

1. d4 d5 2. c4 e6 3. Nc3 Nf6 4. cxd5 exd5 5. Bg5 Be7 6. e3 c6 7. Bd3 Nbd7 8. Qc2 h6 9. Bh4 Nh5 10. Bxe7 Qxe7 11. Nge2 Nb6 12. O-O-O Bd7 13. Ng3 Nxg3 14. hxg3 O-O-O 15. Na4 Nxa4 16. Qxa4 Kb8 17. Qc2 Rhe8 18. Bf5 Qg5 19. Bxd7 Rxd7 20. Rh4 Rde7 21. Rf4 g6 22. g4 h5 23. gxh5 Qxh5 24. g3 f5 25. Re1 Re4 26. Qd1 Rxf4 27. gxf4 Rh8 28. Kd2 Qh2 29. Qe2 Qg2 30. Qf1 Qf3 31. Qe2 Qe4 32. Rg1 Qe6 33. Qf3 Qd6 34. a3 c5 35. dxc5 Qxc5 36. Rc1 Qa5+ 37. Kc2 Rh2 38. Rd1 Qa4+ 39. Kb1 Rxf2 40. Qxf2 Qxd1+ 41. Ka2 Qc1 42. Qh4 Qc4+ 43. Ka1 a6 44. Qd8+ Ka7 45. Qe8 d4 46. exd4 Qxd4 47. Qxg6 Qxf4 48. Qg1+ Ka8 49. Qg8+ Qb8 50. Qf7 f4 51. Kb1 Qd6 52. Qe8+ Ka7 53. Qe2 Qc5 54. Qf3 Qg1+ 55. Kc2 Qg3 56. Qf1 f3 57. Kd1 Qd6+ 58. Kc2 Qg3 59. Kd1 Qd6+ 60. Kc2 Qc5+ 61. Kd3 Qb5+ 62. Kd4 0-1

[Event "WYCC U14 Girls 2019"]
[Site "Mumbai"]
[Date "2019.10.11"]
[Round "10.12"]
[White "Sulyok, Eszter"]
[Black "Ince, Safiye Oyku"]
[Result "0-1"]
[ECO "A10"]
[WhiteElo "1893"]
[BlackElo "1840"]
[Annotator "NA"]
[PlyCount "100"]
[EventDate "2019.10.02"]
[EventType "swiss"]
[EventCountry "IND"]
[SourceTitle "playchess.com"]
[Source "ChessBase"]
[SourceQuality "1"]
[TimeControl "40/5400+30:1800+30"]

1. c4 b6 2. Nc3 Bb7 3. e4 e6 4. g3 f5 5. d3 Nf6 6. Bg2 Bb4 7. Bd2 O-O 8. Nge2 Na6 9. O-O Nc5 10. Qc2 fxe4 11. dxe4 Na6 12. a3 Be7 13. Rfe1 Ng4 14. b4 Ne5 15. Bf4 Nxc4 16. Nb5 Nxa3 17. Nxa3 Bxb4 18. Red1 Bc5 19. Nc4 Nb4 20. Qc3 Qe7 21. Ne3 d6 22. Nf1 Qf7 23. Rab1 a5 24. Nc1 e5 25. Be3 Bxe3 26. Qxe3 Ba6 27. Rd2 Rad8 28. h3 c5 29. Nh2 a4 30. Nf3 b5 31. Ne2 Nc6 32. Nc3 Nd4 33. Ng5 Qh5 34. g4 Qh6 35. Nd5 b4 36. Nc7 Bc8 37. Ra2 Rf4 38. Nf3 Nxf3+ 39. Bxf3 Qxh3 40. Bg2 Qxe3 41. fxe3 Rf7 42. Nd5 a3 43. Bf1 Bxg4 44. Nxb4 Rb7 45. Nc6 Rxb1 46. Nxd8 Bh3 47. Rxa3 Bxf1 48. Ra8 Kf8 49. Nb7+ Ke7 50. Ra7 Ba6+ 0-1

[Event "WYCC U14 Girls 2019"]
[Site "Mumbai"]
[Date "2019.10.12"]
[Round "11.1"]
[White "Mungunzul, Bat-Erdene"]
[Black "Rakshitta Ravi"]
[Result "0-1"]
[ECO "A50"]
[WhiteElo "1912"]
[BlackElo "2310"]
[Annotator "ChessBase"]
[PlyCount "132"]
[EventDate "2019.10.02"]
[EventType "swiss"]
[EventCountry "IND"]
[SourceTitle "playchess.com"]
[Source "ChessBase"]
[SourceQuality "1"]
[TimeControl "40/5400+30:1800+30"]

1. d4 Nf6 2. c4 Nc6 3. Nf3 e6 4. g3 Bb4+ 5. Bd2 Qe7 6. Bg2 a5 7. O-O Bxd2 8. Nbxd2 d6 9. Qa4 O-O 10. e4 e5 11. d5 Nb8 12. Ne1 Bd7 13. Qc2 Na6 14. Nd3 Ng4 15. Rae1 Nb4 16. Qb1 f5 17. f3 Nh6 18. a3 Nxd3 19. Qxd3 f4 20. g4 a4 21. Rc1 b6 22. Qe2 Nf7 23. Rfd1 h5 24. h3 g6 25. Qf2 Kg7 26. Kf1 Rab8 27. Ke1 Rh8 28. Rc2 Rbf8 29. Nf1 hxg4 30. hxg4 Ng5 31. Rd3 Qf6 32. Rcc3 Qd8 33. Qd2 Qc8 34. Qf2 Qd8 35. Qd2 Qc8 36. Qd1 Rhg8 37. Nd2 Qb8 38. Qc2 Rf6 39. Qc1 Rgf8 40. Ke2 R8f7 41. Qb1 Kf8 42. Rc1 Ke7 43. Rcc3 Qh8 44. Qg1 Rh7 45. Rc1 Rff7 46. Rdc3 Rh4 47. Rf1 Rfh7 48. Qf2 Rh2 49. Kd1 R7h3 50. Qe2 Rg3 51. Rf2 Rhxg2 52. Rxg2 Qh1+ 53. Qf1 Qxf1+ 54. Nxf1 Rxg2 55. Nd2 Kd8 56. Ke1 b5 57. c5 dxc5 58. Rxc5 Bxg4 59. fxg4 Rxd2 60. Rxb5 Rd4 61. Rb8+ Kd7 62. Rg8 Nxe4 63. Rxg6 f3 64. Rg7+ Kd6 65. Rf7 f2+ 66. Kf1 Rd1+ 0-1

[Event "WYCC U14 Girls 2019"]
[Site "Mumbai"]
[Date "2019.10.12"]
[Round "11.2"]
[White "Kamalidenova, Meruert"]
[Black "Roebers, Eline"]
[Result "1-0"]
[ECO "A83"]
[WhiteElo "2025"]
[BlackElo "2083"]
[Annotator "NA"]
[PlyCount "63"]
[EventDate "2019.10.02"]
[EventType "swiss"]
[EventCountry "IND"]
[SourceTitle "playchess.com"]
[Source "ChessBase"]
[SourceQuality "1"]
[TimeControl "40/5400+30:1800+30"]

1. d4 f5 2. e4 fxe4 3. Nc3 Nf6 4. Bg5 c6 5. f3 d5 6. fxe4 Nxe4 7. Nxe4 dxe4 8. Bc4 c5 9. Ne2 Nd7 10. O-O Nf6 11. c3 Qb6 12. Bxf6 exf6 13. Nf4 f5 14. Nd5 Qd6 15. Qb3 Be7 16. Rae1 Bd8 17. Bb5+ Kf8 18. Rxe4 Be6 19. Bc4 Rb8 20. Qb5 g6 21. dxc5 Qd7 22. Qb3 Kg7 23. Rd4 Bxd5 24. Rxd5 Qc7 25. Qd1 Be7 26. Qb3 Bd8 27. Qd1 Be7 28. Qd4+ Kh6 29. Rf3 g5 30. Rd7 Qxc5 31. Rh3+ Kg6 32. Bf7+ 1-0

[Event "WYCC U14 Girls 2019"]
[Site "Mumbai"]
[Date "2019.10.12"]
[Round "11.3"]
[White "Divya Deshmukh"]
[Black "Nasyrova, Ekaterina"]
[Result "1-0"]
[ECO "D37"]
[WhiteElo "2358"]
[BlackElo "2137"]
[Annotator "ChessBase"]
[PlyCount "79"]
[EventDate "2019.10.02"]
[EventType "swiss"]
[EventCountry "IND"]
[SourceTitle "playchess.com"]
[Source "ChessBase"]
[SourceQuality "1"]
[TimeControl "40/5400+30:1800+30"]

1. d4 d5 2. c4 e6 3. Nc3 Nf6 4. Nf3 dxc4 5. e3 c5 6. Bxc4 a6 7. a4 Nc6 8. O-O Be7 9. b3 O-O 10. Bb2 cxd4 11. Nxd4 Na5 12. Nf3 Nxc4 13. bxc4 Qa5 14. Ne2 Rd8 15. Qc2 Bd7 16. Bc3 Qc7 17. Be5 Bd6 18. Bxf6 gxf6 19. Qb2 Be7 20. Rfc1 Bc6 21. Nfd4 Be4 22. Ng3 Bg6 23. h4 h6 24. c5 Rd5 25. Nde2 Rad8 26. Nf4 Rd2 27. Qb3 Bh7 28. a5 Qc6 29. Ra4 Bd3 30. Nfh5 Bb5 31. Rf4 R8d3 32. Qb1 f5 33. Qa1 f6 34. Nxf6+ Kf7 35. Nfe4 Qd7 36. Nxd2 Rxd2 37. Nh5 Qd3 38. Qg7+ Ke8 39. Qg8+ Kd7 40. Rd4+ 1-0

[Event "WYCC U14 Girls 2019"]
[Site "Mumbai"]
[Date "2019.10.12"]
[Round "11.4"]
[White "Allahverdiyeva, Ayan"]
[Black "Bhagyashree Patil"]
[Result "1-0"]
[ECO "C77"]
[WhiteElo "2160"]
[BlackElo "1802"]
[Annotator "ChessBase"]
[PlyCount "73"]
[EventDate "2019.10.02"]
[EventType "swiss"]
[EventCountry "IND"]
[SourceTitle "playchess.com"]
[Source "ChessBase"]
[SourceQuality "1"]
[TimeControl "40/5400+30:1800+30"]

1. e4 e5 2. Nf3 Nc6 3. Bb5 a6 4. Ba4 Nf6 5. d3 b5 6. Bb3 Be7 7. g4 h6 8. Nc3 d6 9. g5 hxg5 10. Nxg5 Rf8 11. Be3 Na5 12. Rg1 Nxb3 13. axb3 Bb7 14. Qf3 Qd7 15. Nd5 Nxd5 16. exd5 Bxg5 17. Rxg5 f6 18. Rg6 O-O-O 19. Qg2 Rf7 20. c4 c5 21. b4 bxc4 22. bxc5 dxc5 23. dxc4 Qc7 24. Bd2 Rdd7 25. Ba5 Qd6 26. Qh3 Kb8 27. Rg3 Bc8 28. Qe6 e4 29. Rb3+ Ka8 30. Qxd6 Rxd6 31. Bb6 f5 32. Ra5 f4 33. Rxc5 Bg4 34. h3 Bf5 35. Bc7 Rh6 36. Bxf4 Rxh3 37. Rb6 1-0

[Event "WYCC U14 Girls 2019"]
[Site "Mumbai"]
[Date "2019.10.12"]
[Round "11.5"]
[White "Omonova, Umida"]
[Black "Velpula Sarayu"]
[Result "1/2-1/2"]
[ECO "B36"]
[WhiteElo "2078"]
[BlackElo "1717"]
[Annotator "NA"]
[PlyCount "70"]
[EventDate "2019.10.02"]
[EventType "swiss"]
[EventCountry "IND"]
[SourceTitle "playchess.com"]
[Source "ChessBase"]
[SourceQuality "1"]
[TimeControl "40/5400+30:1800+30"]

1. e4 c5 2. Nf3 g6 3. d4 cxd4 4. Nxd4 Nc6 5. c4 Nf6 6. Nc3 d6 7. Be2 Nxd4 8. Qxd4 Bg7 9. Be3 O-O 10. Qd2 a5 11. O-O a4 12. Rad1 Be6 13. f3 Qa5 14. Nd5 Nxd5 15. exd5 Qxd2 16. Rxd2 Bd7 17. Re1 a3 18. b3 Bc3 19. Bd3 Rfe8 20. Red1 Bxd2 21. Rxd2 e6 22. dxe6 Rxe6 23. Bf2 Bc6 24. Kf1 Rc8 25. Bd4 Rb8 26. Bf2 Rc8 27. Bd4 Rb8 28. Bb6 Rbe8 29. Ba5 d5 30. Bb4 dxc4 31. Bxc4 Re5 32. Bxa3 b5 33. Bd3 Rd8 34. Bb4 Red5 35. Ke2 Re8+ 1/2-1/2